 Dungeon Crawl Stone Soup version 0.31-a0-240-gb923e448b6 (webtiles) character file.

Game seed: 15367959332419196526

212 qw the Shooter (level 5, -2/32 HPs)
             Began as a Gargoyle Hexslinger on July 11, 2023.
             Slain by a centaur (3 damage)
             ... on level 4 of the Dungeon.
             The game lasted 00:01:05 (2416 turns).

qw the Shooter (Gargoyle Hexslinger)                Turns: 2416, Time: 00:01:06

Health: -2/32      AC: 10    Str: 12    XL:     5   Next: 89%
Magic:  6/6        EV: 10    Int: 13    God:
Gold:   224        SH:  0    Dex: 14    Spells: 5/6 levels left

rFire   . . .        Y - +1 sling (flame)
rCold   . . .        (no shield)
rNeg    + . .        j - +0 ring mail {rPois}
rPois   inf          (no helmet)
rElec   +            (no cloak)
rCorr   .            k - +0 pair of gloves
SInv    .            (no boots)
Will    .....        (no amulet)
Stlth   +            (no ring)
HPRegen 0.25/turn    (no ring)
MPRegen 0.10/turn

%: no passive effects
@: about to teleport
A: sickness immunity, AC +4, negative energy resistance 1, electricity
resistance, torment resistance 1, petrification resistance
a: no special abilities


You were on level 4 of the Dungeon.
You visited 1 branch of the dungeon, and saw 4 of its levels.

You collected 224 gold pieces.


Innate Abilities, Weirdness & Mutations

You are immune to sickness and miasma.
Your stone body is resilient. (AC +4)
You are immune to poison.
You resist negative energy. (rN+)
You are resistant to electric shocks. (rElec)
You are resistant to unholy torment.
You are immune to petrification.


   Skills:
 - Level 3.0 Fighting
 + Level 5.0 Ranged Weapons
 - Level 1.2 Armour
 - Level 1.5 Dodging
 - Level 1.0 Spellcasting
 - Level 2.6 Hexes


You had 5 spell levels left.
You knew the following spells:

 Your Spells              Type           Power      Damage    Failure   Level
a - Slow                  Hex            28%        N/A       22%         1

Your spell library contained the following spells:

 Spells                   Type           Power      Damage    Failure   Level
 Inner Flame              Hex/Fire       4%         N/A       73%         3
 Portal Projectile        Hex/Tloc       8%         N/A       73%         3
 Cause Fear               Hex            3%         N/A       91%         4

Inventory:

Hand Weapons
 Y - a +1 sling of flaming (weapon)
Armour
 g - a +2 robe of resistance
 j - a +0 ring mail of poison resistance (worn)
 k - a +0 pair of gloves (worn)
Scrolls
 b - a scroll of teleportation
 d - a scroll of identify
 i - a scroll of noise {unknown}
 l - a scroll of enchant weapon {unknown}
Potions
 a - a potion of brilliance {unknown}
 c - a potion of mutation {unknown}
 e - a potion of magic {unknown}
 f - a potion of heal wounds {unknown}
 h - 2 potions of lignification {unknown}

Dungeon Overview and Level Annotations

Branches:
Dungeon (4/15)
 Temple: D:4-7

Altars:
Hepliaklqana
Makhleb
Ru
Yredelemnul
Zin

Annotations:
D:3 4 runed translucent doors, Crazy Yiuf; qw's ghost, amateur GrHs


Message History

The sling bullet barely misses the adder.
The adder barely misses you.
The centaur shoots an arrow.
The arrow hits you!
You shoot a sling bullet. The sling bullet misses the adder.
The adder bites you. The adder bites you but does no damage.
You shoot a sling bullet. The sling bullet hits the adder.
The sling bullet burns the adder.
The adder is almost dead.
The adder bites you. The adder bites you but does no damage.
You shoot a sling bullet.
The sling bullet barely misses the adder.
The centaur unwields a +0 shortbow.
The centaur hits you but does no damage.
The centaur barely misses you. The adder barely misses you.
The centaur hits you but does no damage.
The centaur kicks you. The adder misses you.
You shoot a sling bullet.
The sling bullet closely misses the adder.
The centaur hits you but does no damage.
The centaur closely misses you. The adder bites you.
The centaur hits you but does no damage.
The centaur misses you.
You shoot a sling bullet. The sling bullet misses the adder.
The centaur hits you but does no damage.
The centaur barely misses you. The adder bites you but does no damage.
The centaur hits you but does no damage.
The centaur kicks you but does no damage.
The adder closely misses you.
You shoot a sling bullet. The sling bullet hits the adder.
The sling bullet burns the adder.
You kill the adder!
The centaur hits you.
The centaur kicks you but does no damage.
The centaur hits you.
The centaur kicks you but does no damage.
Your Fighting skill increases to level 3!
2416 ||| READING 2 scrolls of teleportation.
As you read the scroll of teleportation, it crumbles to dust.
You feel strangely unstable. The centaur hits you.
You die...

.# .# .# ###. .# .... .#
... .# #.##### .#
####### ##....... .#
#.....######.c.####.
.####.###.......@.......
###..#.............###.#
# #.#.###########......
# #.#.......... .#..#.#
# #.#..######## ......
###.#..# #.##.##
.......#########.#.##.#
#.#.#
.......##.....##.#.##.#
#.#.# ####.#.##.........
..# #.#.#


You could see a centaur.

Vanquished Creatures
  2 hounds (D:4)
  2 orc wizards (D:4)
  3 adders
  A worm (D:3)
  2 dart slugs (D:1)
  6 orcs
  6 ball pythons
  6 bats
  5 endoplasms
  3 giant cockroaches
  8 goblins
  6 hobgoblins
  3 quokkas
  2 frilled lizards
  5 kobolds
  5 rats
65 creatures vanquished.

Notes
Turn   | Place    | Note
-------+----------+-------------------------------------------
     0 | D:1      | qw the Gargoyle Hexslinger began the quest for the Orb.
     0 | D:1      | Reached XP level 1. HP: 12/12 MP: 2/2
     0 | D:1      | 0 ||| qw: Version: 0.3-a-52-g30416fa
     0 | D:1      | 0 ||| qw: Game counter: 6094
     0 | D:1      | 0 ||| qw: Melee chars always use a shield: true
     0 | D:1      | 0 ||| qw: God list: Okawaru
     0 | D:1      | 0 ||| qw: Allow faded altars: false
     0 | D:1      | 0 ||| qw: Do Orc after clearing Dungeon:15 true
     0 | D:1      | 0 ||| qw: Do second Lair branch before Depths: true
     0 | D:1      | 0 ||| qw: Lair rune preference: random
     0 | D:1      | 0 ||| qw: Goals: Normal
     0 | D:1      | 0 ||| PLANNING D:1-11
   223 | D:1      | Reached XP level 2. HP: 16/16 MP: 3/3
   501 | D:1      | Reached skill level 3 in Ranged Weapons
   557 | D:1      | 557 ||| UPGRADING to +0 leather armour.
   567 | D:1      | 567 ||| DROPPING +0 robe.
   568 | D:1      | 568 ||| UPGRADING to +0 ring mail of poison resistance.
   578 | D:1      | 578 ||| DROPPING +0 leather armour.
   579 | D:1      | 579 ||| UPGRADING to +0 pair of gloves.
   584 | D:1      | 584 ||| READING scroll labelled HANGE NORUME.
   585 | D:1      | 585 ||| READING scroll labelled MOBBUATSEIZE.
   586 | D:1      | 586 ||| READING scroll labelled CUASUR IREA.
   587 | D:1      | 587 ||| DRINKING 2 coppery potions.
   588 | D:1      | 588 ||| DROPPING scroll of poison.
   606 | D:2      | 606 ||| STAIRDANCE
   697 | D:2      | Reached XP level 3. HP: 21/21 MP: 4/4
   791 | D:2      | Found a sacrificial altar of Ru.
   942 | D:2      | Reached skill level 1 in Armour
  1115 | D:2      | 1115 ||| FLEEEEING.
  1116 | D:2      | 1116 ||| FLEEEEING.
  1117 | D:2      | 1117 ||| FLEEEEING.
  1118 | D:2      | 1118 ||| FLEEEEING.
  1119 | D:2      | 1119 ||| FLEEEEING.
  1121 | D:2      | 1121 ||| FLEEEEING.
  1122 | D:2      | 1122 ||| FLEEEEING.
  1123 | D:2      | 1123 ||| FLEEEEING.
  1208 | D:2      | 1208 ||| READING 2 scrolls labelled ISOSHR GIABOLIEJAJE.
  1211 | D:2      | 1211 ||| READING scroll labelled INNUCULEST.
  1251 | D:3      | Found a burning altar of Makhleb.
  1254 | D:3      | Found a glowing silver altar of Zin.
  1254 | D:3      | Noticed an angel
  1254 | D:3      | Noticed a balrug
  1343 | D:3      | Reached XP level 4. HP: 23/26 MP: 5/5
  1356 | D:3      | Found a faded altar of an unknown god.
  1385 | D:3      | Found a faded altar of an unknown god.
  1387 | D:3      | Found a hazy altar of Hepliaklqana.
  1387 | D:3      | Found a faded altar of an unknown god.
  1490 | D:3      | Found a runed translucent door.
  1491 | D:3      | Noticed Crazy Yiuf
  1525 | D:3      | Found a runed translucent gate.
  1526 | D:3      | Found a runed translucent gate.
  1526 | D:3      | Noticed qw's ghost (amateur GrHs)
  1529 | D:3      | Found a runed translucent gate.
  1563 | D:3      | Found a sacrificial altar of Ru.
  1829 | D:3      | Identified the +9 dagger of the Morning {venom, rF+ Int+4}
  1834 | D:3      | Found a basalt altar of Yredelemnul.
  2005 | D:3      | 2005 ||| READING scroll labelled USAXOI HOEPRASM.
  2033 | D:4      | 2033 ||| DRINKING 3 potions of curing.
  2033 | D:4      | 2033 ||| (to cure confusion)
  2036 | D:4      | Reached skill level 4 in Ranged Weapons
  2044 | D:4      | 2044 ||| DRINKING 2 potions of curing.
  2044 | D:4      | 2044 ||| (to cure confusion)
  2056 | D:4      | 2056 ||| DRINKING potion of curing.
  2056 | D:4      | 2056 ||| (to cure confusion)
  2060 | D:4      | Reached XP level 5. HP: 20/30 MP: 6/6
  2179 | D:4      | Reached skill level 5 in Ranged Weapons
  2313 | D:4      | Identified the +1 chain mail "Nuureny" {Rampage rElec}
  2402 | D:4      | 2402 ||| UPGRADING to +2 robe of resistance.
  2403 | D:4      | Noticed a centaur
  2415 | D:4      | HP: 4/32 [centaur (6)]
  2415 | D:4      | HP: 1/32 [centaur (3)]
  2416 | D:4      | Reached skill level 3 in Fighting
  2416 | D:4      | 2416 ||| READING 2 scrolls of teleportation.
  2416 | D:4      | Slain by a centaur

Levels and vault maps discovered:
D:1:      heliophobic_arrival_battle_scene, layout_loops_ring,
          minmay_pentomino_p2
D:2:      layout_basic, basic_altar
D:3:      layout_basic, grunt_temple_overflow_order_and_chaos_2,
          yredelemnul_altar_generic, nicolae_ru_great_annihilating_truth,
          nicolae_hepliaklqana_ecumenical_no_more, gammafunk_ghost_split,
          basic_ecumenical_altar, kennysheep_generic_room_2,
          uniq_crazy_yiuf_cottage
D:4:      layout_loops_ring, mainiacjoe_overflow_boulevard

Skill      XL: |  1  2  3  4  5 |
---------------+----------------+-----
Ranged Weapons | 3 4 5 |  5.0
Fighting       | 2 3 |  3.0
Armour         | 1 |  1.2
Dodging        | |  1.5
Spellcasting   | |  1.0
Hexes          | |  2.6

Action                     |  1- 3 |  4- 6 || total
---------------------------+-------+-------++-------
   Fire: Sling             |   156 |    93 ||   249
    Use: Scroll            |     5 |     2 ||     7
         Potion            |     1 |     3 ||     4
 Armour: Robe              |    13 |       ||    13
         Ring mail         |    38 |    42 ||    80
  Dodge: Dodged            |    58 |    36 ||    94

Table legend:
 A = Non-vault XP
 B = Vault XP
 C = Vault XP percentage of total XP
 D = Non-vault monster count
 E = Vault monster count
 F = Vault count percentage of total count
                 A         B        C        D         E       F
            +---------+---------+-------+---------+---------+-------
      Total |     290 |      13 |   4.3 |      57 |       8 |  12.3
            +---------+---------+-------+---------+---------+-------
        D:1 |      19 |       2 |   9.5 |       9 |       1 |  10.0
        D:2 |      44 |       0 |   0.0 |      20 |       0 |   0.0
        D:3 |      28 |      11 |  28.2 |      14 |       7 |  33.3
        D:4 |     199 |       0 |   0.0 |      14 |       0 |   0.0
            +---------+---------+-------+---------+---------+-------
